 Dungeon Crawl Stone Soup version 0.27.1-1-g398f81649c (webtiles) character file.

Game seed: 14773330131445903547

58 nxtlvl the Ducker (level 3, -3/30 HPs)
             Began as a Minotaur Necromancer on Sept 10, 2021.
             Slain by Ijyb (4 damage)
             ... on level 4 of the Dungeon.
             The game lasted 00:07:15 (533 turns).

nxtlvl the Ducker (Minotaur Necromancer)             Turns: 533, Time: 00:07:16

Health: -3/30      AC:  1    Str: 12 (13) XL:     3   Next: 76%
Magic:  4/4        EV: 10    Int: 10 (12) God:
Gold:   31         SH:  0    Dex:  8 (10) Spells: 3/4 levels left

rFire    . . .     SeeInvis .   a - +2 whip (elec)
rCold    . . .     Faith    .   (no shield)
rNeg     . . .     Spirit   .   c - +0 ring mail
rPois    .         Reflect  .   (helmet restricted)
rElec    .         Harm     .   (no cloak)
rCorr    .         Rampage  .   (no gloves)
Will     .....                  (no boots)
Stlth    +.........             (no amulet)
HPRegen  0.10/turn              (no ring)
MPRegen  0.09/turn              (no ring)

@: corroded
A: horns 2, retaliatory headbutt
a: no special abilities


You were on level 4 of the Dungeon.
You visited 1 branch of the dungeon, and saw 4 of its levels.

You collected 31 gold pieces.

Inventory:

Hand Weapons
 a - a +2 whip of electrocution (weapon)
 b - a +0 hunting sling
Missiles
 e - 18 arrows
 j - 5 silver javelins
Armour
 c - a +0 ring mail (worn)
Wands
 f - a wand of iceblast (8)


   Skills:
 + Level 2.9 Fighting
 + Level 3.5 Dodging
 - Level 1.5 Stealth
 - Level 1.3 Spellcasting
 - Level 2.9 Necromancy


You had 3 spell levels left.
You knew the following spells:

 Your Spells              Type           Power      Damage    Failure   Level
z - Pain                  Necr           24%        1d5       22%         1

Your spell library contained the following spells:

 Spells                   Type           Power      Damage    Failure   Level
 Animate Skeleton         Necr           12%        N/A       22%         1
 Vampiric Draining        Necr           3%         2d6       56%         3
 Ignite Poison            Fire/Tmut/Pois 0%         N/A       92%         3
 Mephitic Cloud           Conj/Pois/Air  0%         N/A       92%         3
 Animate Dead             Necr           3%         N/A       92%         4
 Agony                    Necr           6%         N/A       99%         5
 Bolt of Magma            Conj/Fire/Erth 0%         4d4       100%        5


Dungeon Overview and Level Annotations

Branches:
Dungeon (4/15)
 Temple: D:4-7

Altars:
Dithmenos

Annotations:
D:4 Ijyb


Innate Abilities, Weirdness & Mutations

You have a pair of horns on your head.
You reflexively headbutt those who attack you in melee.


Message History

Found a ring mail.
Okay, then.
Adjust (i)tems, (s)pells, or (a)bilities?
Okay, then.
Adjust (i)tems, (s)pells, or (a)bilities?
h - a +0 ring mail Adjust to which letter? (? for menu, Esc to quit)
c - a +0 ring mail;
h - a +0 robe (worn)
You start removing your armour.
You continue taking off your +0 robe. x4
You finish taking off your +0 robe.
You start putting on your armour.
You continue putting on your +0 ring mail. x5
You finish putting on your +0 ring mail.
Unknown command.
Drop what? 10/52 slots (_ for help) (? for menu, Esc to quit)
You drop a +0 robe.
You see here a +0 ring mail.
As you open the door, it creaks loudly!
You hear a shout!
Ijyb the Twisted Goblin comes into view.
She is wielding a +0 club, wearing a +3 scale mail of cold resistance and carrying a wand of acid (8).
There is an open door here.
Okay, then.
Okay, then.
You closely miss Ijyb.
Ijyb zaps a wand.
The bolt of acid hits you!
Ouch! That really hurt!
The acid corrodes you!
You are splashed with acid!
* * * LOW HITPOINT WARNING * * *
Unknown command.
It was a potion of degeneration.
There was something very wrong with that liquid.
You feel weakened.
You feel dopey.
You feel clumsy. Ijyb hits you with a +0 club.
* * * LOW HITPOINT WARNING * * *
Unknown command.
This is a scroll of acquirement!
Something appears at your feet! Ijyb misses you.
Unknown command.
As you read the scroll labelled ACADITSAOTT, it crumbles to dust.
The scroll dissolves into smoke.
It was a scroll of fog.
Ijyb hits you with a +0 club.
You die...

#....#..................>..#
#....#######...............#
#..........#...............#
#..........######..........#
#....########...#######....#
###### #....#....'....#
.......#§§§.+....#....#
.......+g§§#####'#....#
...$...#@####....#....#
.......#§§§##....#....#
#....=o#§§§.[....#....#
#......#.........#....#
#......###########....#
#$....................#
#.....................#
..........†...........#+
.........................


You could see Ijyb.

Vanquished Creatures
  3 adders
  2 worms
  An orc (D:3)
  3 ball pythons
  3 goblins (D:3)
  3 hobgoblins
  2 jackals (D:3)
  A quokka (D:3)
  2 frilled lizards
  2 kobolds (D:3)
  2 rats
24 creatures vanquished.

Notes
Turn   | Place    | Note
-------+----------+-------------------------------------------
     0 | D:1      | nxtlvl the Minotaur Necromancer began the quest for the
                  | Orb.
     0 | D:1      | Reached XP level 1. HP: 14/14 MP: 1/1
   105 | D:2      | Reached skill level 1 in Fighting
   236 | D:3      | Found a shadowy altar of Dithmenos.
   238 | D:3      | Reached XP level 2. HP: 20/23 MP: 3/3
   278 | D:3      | Reached skill level 3 in Dodging
   324 | D:3      | Reached XP level 3. HP: 29/29 MP: 4/4
   383 | D:4      | Found the ring of the Hare {EV+8}
   529 | D:4      | Noticed Ijyb
   531 | D:4      | HP: 1/30 [Ijyb (1)]
   532 | D:4      | Identified a scroll of acquirement
   532 | D:4      | Acquired 750 gold pieces
   533 | D:4      | Slain by Ijyb

Illustrated notes

Levels and vault maps discovered:
D:1:      dpeg_arrival_arbitrary_c, layout_loops_cross,
          ebering_ecumenical_altar_box
D:2:      layout_basic, serial_shops, shop, uniq_terence
D:3:      minmay_diamond_boxcup, layout_rooms, nicolae_dithmenos_the_darkroom,
          uniq_sigmund
D:4:      layout_gridville, minmay_temple_entry_trees, uniq_ijyb

Skill      XL: |  1  2 |
---------------+-------+-----
Fighting       | 1 2 |  2.9
Dodging        | 3 |  3.5
Stealth        | |  1.5
Spellcasting   | |  1.3
Necromancy     | |  2.9

Action                   || total
-------------------------++-------
Melee: Whip              ||    48
       Headbutt          ||     2
  Use: Scroll            ||     2
       Potion            ||     1
 Stab: Sleeping          ||     4
Armor: Robe              ||     1
Dodge: Dodged            ||    26
